ESL (28 & UNDER)
RIO GRANDE RATTLESNAKE @ BUTLER WHITE SOX
08/21/2028
 
TOP OF THE 1ST
Rio Grande Rattlesnake batting - Pitching for Butler White Sox : LHP Francisco Rodríguez
Pitching: LHP Francisco Rodríguez
Batting: RHB Jaime Delgado 0-0: SINGLE (Flyball, 8RS)
Batting: LHB Claudio Rodríguez 0-0: Ball
Jaime Delgado is caught stealing 2nd base
1-0: Foul Ball, location: 2F
1-1: Foul Ball, location: 2F
1-2: Ball
2-2: Ground out 4-3 (Groundball, 4)
Batting: RHB Iván De Jesús 0-0: Ball
1-0: Foul Ball, location: 2F
1-1: Ball
2-1: Ball
3-1: Base on Balls
Batting: RHB Joe Courtier 0-0: Ball
1-0: Ball
2-0: Fielders Choice at 2nd, 4-6 (Groundball, 4)
Top of the 1st over - 0 run(s), 1 hit(s), 0 error(s), 0 left on base; Rio Grande 0 - Butler 0
BOTTOM OF THE 1ST
Butler White Sox batting - Pitching for Rio Grande Rattlesnake : RHP Chris Carpenter
Pitching: RHP Chris Carpenter
Batting: RHB Jerry Moore 0-0: Called Strike
0-1: Foul Ball, location: 2F
0-2: Ball
1-2: Foul Ball, location: 2F
1-2: Foul Ball, location: 2F
1-2: Strikes out looking
Batting: LHB Josh Pérez 0-0: Ball
1-0: Fly out, F8 (Flyball, 78M)
Batting: RHB Bobby Murdock 0-0: Called Strike
0-1: Ball
1-1: Fly out, F9 (Flyball, 9S)
Bottom of the 1st over - 0 run(s), 0 hit(s), 0 error(s), 0 left on base; Rio Grande 0 - Butler 0
TOP OF THE 2ND
Rio Grande Rattlesnake batting - Pitching for Butler White Sox : LHP Francisco Rodríguez
Batting: RHB Jeff Bane 0-0: SINGLE (Groundball, 56S) (infield hit)
Batting: RHB Cristián Román 0-0: Ball
1-0: Called Strike
Jeff Bane is caught stealing 2nd base
1-1: Ground out 4-3 (Groundball, 4S)
Batting: RHB David Suarze 0-0: SOLO HOME RUN (Flyball, 7LD), Distance : 363 ft
Batting: RHB Juan López 0-0: Ground out 4-3 (Groundball, 4)
Top of the 2nd over - 1 run(s), 2 hit(s), 0 error(s), 0 left on base; Rio Grande 1 - Butler 0
BOTTOM OF THE 2ND
Butler White Sox batting - Pitching for Rio Grande Rattlesnake : RHP Chris Carpenter
Batting: LHB Thomas Dixon 0-0: Ground out 4-3 (Groundball, 4)
Batting: RHB Tom Lang 0-0: Ball
1-0: Swinging Strike
1-1: Ground out 5-3 (Groundball, 56S)
Batting: LHB Jim Knight 0-0: Foul Ball, location: 2F
0-1: Swinging Strike
0-2: Strikes out swinging
Bottom of the 2nd over - 0 run(s), 0 hit(s), 0 error(s), 0 left on base; Rio Grande 1 - Butler 0
TOP OF THE 3RD
Rio Grande Rattlesnake batting - Pitching for Butler White Sox : LHP Francisco Rodríguez
Batting: SHB Jeremy Holmes 0-0: Foul Ball, location: 2F
0-1: Swinging Strike
0-2: Strikes out swinging
Batting: RHB Jaime Delgado 0-0: Ball
1-0: Called Strike
1-1: Called Strike
1-2: Ball
2-2: Strikes out swinging
Batting: LHB Claudio Rodríguez 0-0: Called Strike
0-1: Swinging Strike
0-2: SINGLE (Line Drive, 4)
Batting: RHB Iván De Jesús 0-0: Ball
1-0: Swinging Strike
1-1: Called Strike
1-2: Ball
2-2: Foul Ball, location: 2F
2-2: SINGLE (Line Drive, 7S)
Claudio Rodríguez to second
Batting: RHB Joe Courtier 0-0: Called Strike
0-1: Foul Ball, location: 2F
0-2: Ball
1-2: Foul Ball, location: 2F
1-2: Ball
2-2: Ground out 1-3 (Groundball, P)
Top of the 3rd over - 0 run(s), 2 hit(s), 0 error(s), 2 left on base; Rio Grande 1 - Butler 0
BOTTOM OF THE 3RD
Butler White Sox batting - Pitching for Rio Grande Rattlesnake : RHP Chris Carpenter
Batting: RHB Luis Fuentes 0-0: Ball
1-0: SINGLE (Flyball, 89S)
Batting: LHB Sean Perkins 0-0: Foul Ball, location: 2F
0-1: Ball
1-1: Foul Ball, location: 2F
1-2: Strikes out swinging
Batting: SHB Tomás Escobar 0-0: Ball
1-0: Ball
2-0: Foul Ball, location: 2F
2-1: Ball
3-1: Base on Balls
Luis Fuentes to second
Batting: RHB Jerry Moore 0-0: Ball
Luis Fuentes steals 3rd base
Tomás Escobar to second
1-0: Swinging Strike
1-1: Ball
2-1: Foul Ball, location: 2F
2-2: Fly out, F3 (Popup, 3L)
Batting: LHB Josh Pérez 0-0: Called Strike
0-1: Swinging Strike
0-2: Foul Ball, location: 2F
0-2: Strikes out swinging
Bottom of the 3rd over - 0 run(s), 1 hit(s), 0 error(s), 2 left on base; Rio Grande 1 - Butler 0
TOP OF THE 4TH
Rio Grande Rattlesnake batting - Pitching for Butler White Sox : LHP Francisco Rodríguez
Batting: RHB Jeff Bane 0-0: Swinging Strike
0-1: Called Strike
0-2: Strikes out swinging
Batting: RHB Cristián Román 0-0: Ball
1-0: Swinging Strike
1-1: Foul Ball, location: 2F
1-2: Strikes out swinging
Batting: RHB David Suarze 0-0: Foul Ball, location: 2F
0-1: Ball
1-1: Ball
2-1: Fly out, F8 (Line Drive, 8LS)
Top of the 4th over - 0 run(s), 0 hit(s), 0 error(s), 0 left on base; Rio Grande 1 - Butler 0
BOTTOM OF THE 4TH
Butler White Sox batting - Pitching for Rio Grande Rattlesnake : RHP Chris Carpenter
Batting: RHB Bobby Murdock 0-0: Ball
1-0: Called Strike
1-1: Called Strike
1-2: Strikes out swinging
Batting: LHB Thomas Dixon 0-0: Foul Ball, location: 2F
0-1: Foul Ball, location: 2F
0-2: Strikes out swinging
Batting: RHB Tom Lang 0-0: Ball
1-0: Called Strike
1-1: Swinging Strike
1-2: Strikes out swinging
Bottom of the 4th over - 0 run(s), 0 hit(s), 0 error(s), 0 left on base; Rio Grande 1 - Butler 0
TOP OF THE 5TH
Rio Grande Rattlesnake batting - Pitching for Butler White Sox : LHP Francisco Rodríguez
Batting: RHB Juan López 0-0: Foul Ball, location: 2F
0-1: Ball
1-1: SINGLE (Line Drive, 89S)
Batting: SHB Jeremy Holmes 0-0: Ball
1-0: Called Strike
1-1: Called Strike
1-2: Strikes out swinging
Batting: RHB Jaime Delgado 0-0: Ball
1-0: Ball
2-0: Ball
3-0: Called Strike
3-1: Foul Ball, location: 2F
3-2: Base on Balls
Juan López to second
Batting: LHB Claudio Rodríguez 0-0: Called Strike
0-1: Foul Ball, location: 2F
0-2: Strikes out swinging
Batting: RHB Iván De Jesús 0-0: Ball
1-0: Fly out, F5 (Popup, 5L)
Top of the 5th over - 0 run(s), 1 hit(s), 0 error(s), 2 left on base; Rio Grande 1 - Butler 0
BOTTOM OF THE 5TH
Butler White Sox batting - Pitching for Rio Grande Rattlesnake : RHP Chris Carpenter
Batting: LHB Jim Knight 0-0: Called Strike
0-1: Swinging Strike
0-2: Strikes out swinging
Batting: RHB Luis Fuentes 0-0: Hit by Pitch
Batting: LHB Sean Perkins 0-0: Ball
1-0: Ball
2-0: Foul Ball, location: 2F
2-1: Called Strike
Luis Fuentes steals 2nd base
2-2: Ground out 4-3 (Groundball, 4)
Luis Fuentes to third
Batting: SHB Tomás Escobar 0-0: Ball
1-0: Ball
2-0: Called Strike
2-1: Called Strike
2-2: Ball
3-2: Strikes out swinging
Bottom of the 5th over - 0 run(s), 0 hit(s), 0 error(s), 1 left on base; Rio Grande 1 - Butler 0
TOP OF THE 6TH
Rio Grande Rattlesnake batting - Pitching for Butler White Sox : LHP Francisco Rodríguez
Batting: RHB Joe Courtier 0-0: Ground out 5-3 (Groundball, 5S)
Batting: RHB Jeff Bane 0-0: Ball
1-0: Called Strike
1-1: Ball
2-1: Foul Ball, location: 2F
2-2: Foul Ball, location: 2F
2-2: Ball
3-2: Ground out 6-3 (Groundball, 56D)
Batting: RHB Cristián Román 0-0: Called Strike
0-1: Fly out, F8 (Flyball, 8RM)
Top of the 6th over - 0 run(s), 0 hit(s), 0 error(s), 0 left on base; Rio Grande 1 - Butler 0
BOTTOM OF THE 6TH
Butler White Sox batting - Pitching for Rio Grande Rattlesnake : RHP Chris Carpenter
Batting: RHB Jerry Moore 0-0: Ground out 4-3 (Groundball, 4)
Batting: LHB Josh Pérez 0-0: Ball
1-0: Ground out 4-3 (Groundball, 4)
Batting: RHB Bobby Murdock 0-0: Ball
1-0: Foul Ball, location: 2F
1-1: Ball
2-1: Foul Ball, location: 2F
2-2: Strikes out swinging
Bottom of the 6th over - 0 run(s), 0 hit(s), 0 error(s), 0 left on base; Rio Grande 1 - Butler 0
TOP OF THE 7TH
Rio Grande Rattlesnake batting - Pitching for Butler White Sox : LHP Francisco Rodríguez
Batting: RHB David Suarze 0-0: Ball
1-0: Ball
2-0: Called Strike
2-1: Ball
3-1: Base on Balls
Batting: RHB Juan López 0-0: Ball
1-0: Bunted foul
1-1: Called Strike
1-2: Ball
2-2: Ground out 3-1 (Groundball, 34S)
David Suarze to second
Pinch Hitting: RHB Paul Martin 0-0: Intentional Walk
Pitching: RHP Steve Newman
Pinch Hitting: SHB William Daly 0-0: Ball
Paul Martin steals 2nd base
David Suarze to third
1-0: Ground out 4-3 (Groundball, 4)
Pitching: LHP Luis Torres
Batting: LHB Claudio Rodríguez 0-0: Ball
1-0: DOUBLE (Line Drive, 8RD)
David Suarze scores
Paul Martin scores
Pitching: RHP Bartho Manshert
Batting: RHB Iván De Jesús 0-0: Ball
1-0: Ball
2-0: Foul Ball, location: 2F
2-1: Fly out, F9 (Flyball, 9LSF)
Top of the 7th over - 2 run(s), 1 hit(s), 0 error(s), 1 left on base; Rio Grande 3 - Butler 0
BOTTOM OF THE 7TH
Butler White Sox batting - Pitching for Rio Grande Rattlesnake : RHP Chris Carpenter
Now at SS: Geomar Dalsoglio
Now in LF: William Daly
Batting: LHB Thomas Dixon 0-0: Ball
1-0: Ball
2-0: Foul Ball, location: 2F
2-1: Ground out 4-3 (Groundball, 4)
Batting: RHB Tom Lang 0-0: Ball
1-0: Ball
2-0: Ball
3-0: Called Strike
3-1: Foul Ball, location: 2F
3-2: Fly out, F9 (Flyball, 89S)
Batting: LHB Jim Knight 0-0: Called Strike
0-1: Ball
1-1: Called Strike
1-2: Strikes out looking
Bottom of the 7th over - 0 run(s), 0 hit(s), 0 error(s), 0 left on base; Rio Grande 3 - Butler 0
TOP OF THE 8TH
Rio Grande Rattlesnake batting - Pitching for Butler White Sox : RHP Bartho Manshert
Batting: RHB Joe Courtier 0-0: Called Strike
0-1: Foul Ball, location: 2F
0-2: Ball
1-2: Foul Ball, location: 2F
1-2: Foul Ball, location: 2F
1-2: Foul Ball, location: 2F
1-2: Ball
2-2: Ball
3-2: Fly out, F8 (Flyball, 89M)
Batting: RHB Jeff Bane 0-0: Ball
1-0: Ball
2-0: SINGLE (Line Drive, 7LS)
Batting: RHB Cristián Román 0-0: Called Strike
0-1: Foul Ball, location: 2F
0-2: Ball
Throwing error on steal attempt, E2
Jeff Bane to third
1-2: Ground out 6-3 (Groundball, 6)
Batting: RHB David Suarze 0-0: Ball
1-0: Called Strike
1-1: Foul Ball, location: 2F
1-2: Ball
2-2: Ball
3-2: Base on Balls
Batting: RHB Juan López 0-0: Fielders Choice at 2nd, 4-6 (Groundball, 4)
Top of the 8th over - 0 run(s), 1 hit(s), 1 error(s), 1 left on base; Rio Grande 3 - Butler 0
BOTTOM OF THE 8TH
Butler White Sox batting - Pitching for Rio Grande Rattlesnake : RHP Chris Carpenter
Batting: RHB Luis Fuentes 0-0: Called Strike
0-1: Foul Ball, location: 2F
0-2: Ball
1-2: Foul Ball, location: 2F
1-2: Foul Ball, location: 2F
1-2: Foul Ball, location: 2F
1-2: Ball
2-2: Ground out 1-3 (Groundball, P)
Batting: LHB Sean Perkins 0-0: Ground out 4-3 (Groundball, 34)
Batting: SHB Tomás Escobar 0-0: Ball
1-0: Swinging Strike
1-1: DOUBLE (Line Drive, 78D)
Pitching: RHP Juan Gutiérrez
Batting: RHB Jerry Moore 0-0: Ball
1-0: Called Strike
1-1: Foul Ball, location: 2F
1-2: Ball
2-2: Strikes out looking
Bottom of the 8th over - 0 run(s), 1 hit(s), 0 error(s), 1 left on base; Rio Grande 3 - Butler 0
TOP OF THE 9TH
Rio Grande Rattlesnake batting - Pitching for Butler White Sox : RHP Bartho Manshert
Batting: RHB Geomar Dalsoglio 0-0: Ball
1-0: Ball
2-0: Ball
3-0: Base on Balls
Batting: SHB William Daly 0-0: Called Strike
0-1: Ball
1-1: Sac Bunt - play at first, batter OUT! 2-3
Geomar Dalsoglio to second
Batting: LHB Claudio Rodríguez 0-0: Intentional Walk
Batting: RHB Iván De Jesús 0-0: Called Strike
0-1: Called Strike
0-2: Ball
1-2: 3-RUN HOME RUN (Line Drive, 9LD), Distance : 364 ft
Batting: RHB Joe Courtier 0-0: Ball
1-0: Ball
2-0: DOUBLE (Line Drive, 78D)
Batting: RHB Jeff Bane 0-0: TRIPLE (Line Drive, 9LS)
Joe Courtier scores
Pitching: RHP Mauro Vásquez
Batting: RHB Cristián Román 0-0: Ball
1-0: Called Strike
1-1: Ball
2-1: Fly out, F7 (Flyball, 7)
Runner from 3rd tags up, SCORES, no throw
Batting: RHB David Suarze 0-0: Called Strike
0-1: Swinging Strike
0-2: Strikes out looking
Top of the 9th over - 5 run(s), 3 hit(s), 0 error(s), 0 left on base; Rio Grande 8 - Butler 0
BOTTOM OF THE 9TH
Butler White Sox batting - Pitching for Rio Grande Rattlesnake : RHP Juan Gutiérrez
Batting: LHB Josh Pérez 0-0: Ball
1-0: Ground out U3 (Groundball, 3S)
Batting: RHB Bobby Murdock 0-0: Ball
1-0: Called Strike
1-1: Called Strike
1-2: Ball
2-2: Foul Ball, location: 2F
2-2: Ball
3-2: Strikes out swinging
Batting: LHB Thomas Dixon 0-0: Foul Ball, location: 2F
0-1: Ball
1-1: Foul Ball, location: 2F
1-2: Ball
2-2: Ball
3-2: Strikes out looking
Bottom of the 9th over - 0 run(s), 0 hit(s), 0 error(s), 0 left on base; Rio Grande 8 - Butler 0
Tuesday, August 8th, 2017 - OOTP Baseball 17.12 Build 75